 Dungeon Crawl Stone Soup version 0.20-a0-791-gf6451d4 (webtiles) character file.

1851 Amciq the Chucker (level 8, -1/79 HPs)
             Began as a Troll Hunter on Mar 1, 2017.
             Was a Follower of Ashenzari.
             Shot with an arrow by a centaur (5 damage)
             ... on level 7 of the Dungeon.
             The game lasted 00:15:57 (5531 turns).

Amciq the Chucker (Troll Hunter)                    Turns: 5531, Time: 00:15:57

Health: -1/79      AC:  6    Str: 21    XL:     8   Next: 88%
Magic:  7/7        EV: 12    Int:  7    God:    Ashenzari [*.....]
Gold:   220        SH:  0    Dex: 15    Spells: 7/7 levels left

rFire    . . .     SeeInvis .   m - +1 flail (crush)
rCold    . . .     Gourm    +   b - +0 robe
rNeg     . . .     Faith    .   (no shield)
rPois    .         Spirit   .   (helmet restricted)
rElec    .         Reflect  .   a - +0 cloak
rCorr    .         Harm     .   (gloves unavailable)
MR       .....                  (boots unavailable)
Stlth    ++........             r - amulet of regeneration
Regen    1.1/turn               (no ring)
MPRegen  0.1/turn               n - +3 ring of dexterity

@: lethally poisoned (-1 -> -1), slowed, very slow
A: unfitting armour, claws 3, fast metabolism 3, gourmand, regeneration 1,
screaming 2, shaggy fur 1, tough skin 2
a: Curse Item, Scrying, Renounce Religion


You were on level 7 of the Dungeon.
You worshipped Ashenzari.
Ashenzari was aware of your devotion.
You were completely stuffed.

You visited 1 branch of the dungeon, and saw 7 of its levels.

You collected 330 gold pieces.
You spent 110 gold pieces at shops.

Inventory:

Hand Weapons
 m - a +1 flail of crushing (weapon)
Missiles
 c - 10 large rocks (quivered)
 d - 2 throwing nets
Armour
 a - a +0 cloak (worn)
 b - a +0 robe (worn)
Jewellery
 n - a +3 ring of dexterity (left claw)
 r - an amulet of regeneration (around neck)
Wands
 z - a wand of paralysis (13/24)
Scrolls
 e - a scroll of enchant armour {unknown}
 g - 2 scrolls of blinking {unknown}
 k - a scroll of fear {unknown}
 o - 4 scrolls of teleportation {unknown}
 p - 5 scrolls of identify
 u - 2 scrolls of magic mapping {unknown}
 v - a scroll of immolation {unknown}
 x - 2 scrolls of random uselessness {unknown}
 y - 2 scrolls of amnesia {unknown}
 B - 5 scrolls of remove curse
 C - 3 scrolls of enchant weapon {unknown}
 D - a scroll of noise {unknown}
Potions
 i - a potion of magic
 j - a potion of heal wounds
 l - a potion of haste
 s - a potion of cancellation
 w - 2 potions of agility
 A - a potion of invisibility
 F - a potion of berserk rage {unknown}
Comestibles
 f - 7 bread rations
 h - 4 meat rations
 q - 5 fruits
 t - 3 royal jellies
 E - a chunk of flesh


   Skills:
 + Level 4.6 Fighting
 + Level 3.9 Maces & Flails
 + Level 6.1 Throwing
 + Level 4.1 Armour
 + Level 4.5 Dodging
 - Level 0.3 Stealth


You had 7 spell levels left.
You didn't know any spells.

Dungeon Overview and Level Annotations

Branches:
Dungeon (7/15)             Temple (0/1) D:5

Altars:
Ashenzari
Dithmenos
Elyvilon
Fedhas
Kikubaaqudgha
Okawaru

Shops:
D:6 ?(


Innate Abilities, Weirdness & Mutations

You are too large for most types of armour.
You have claws for hands.
Your metabolism is lightning-fast.
You like to eat raw meat.
Your natural rate of healing is unusually fast.
You are covered in fur. (AC +1)
You have very tough skin. (AC +2)
You sometimes yell uncontrollably at your foes.


Message History

The centaur shoots an arrow.
The arrow misses you.
The centaur shoots an arrow.
The arrow hits you! The hornet stings you!
You feel yourself slow down. The adder barely misses you.
You see here an arrow.
You sock the adder!
You kill the adder!
You feel sick.
The centaur shoots an arrow.
The arrow hits you!
* * * LOW HITPOINT WARNING * * *
The hornet barely misses you.
The centaur shoots an arrow.
The arrow barely misses you. The hornet misses you.
The orc wizard mumbles some strange words.
The orc wizard blinks!
The centaur shoots an arrow.
The arrow barely misses you. The hornet stings you.
* * * LOW HITPOINT WARNING * * *
You feel as though you will be slow longer.
The black bear bites you!
* * * LOW HITPOINT WARNING * * *
The black bear misses you. The black bear closely misses you.
You feel sick.
The centaur shoots an arrow.
The arrow hits you.
You die...

#...# #..ooh.....# #...#
#.# #.>.####
####(########### #.<....#
#...§..#.......# #..###.#
#.##o#.#.#####.## #..###.#
#(.c........#.... #....#.#
#y..##.#.##.#..#.
#.##.#.###(h.##.#.##.#..#.
#####
#.##.#...@......#.........
....#
##.........>.....######.###
.##.# #..................#
#...†
.##.###.#..##(###...####.##
#####
.#...##.#..##.###...####..#
#
.#.........#..............#
#
.....#.......#.#.#.#.#.#..#
#
.###.#....................#
#
..##.#.......†.⌠.....⌠....#
#


You could see a hornet, a black bear, a centaur and an orc.

Vanquished Creatures
  The ghost of AlphabetPasta the Skirmisher, an amateur MfWn (D:4)
  Grinder (D:4)
  Edmund (D:4)
  Duvessa (D:5)
  An ice beast (D:6)
  A sky beast (D:7)
  3 centaurs
  Dowan (D:5)
  A wyvern zombie (D:6)
  A scorpion (D:7)
  3 howler monkeys (D:7)
  A crimson imp (D:5)
  A quasit (D:5)
  2 hounds (D:7)
  An orc priest (D:3)
  2 jellies (D:6)
  2 orc wizards
  A bullfrog skeleton (D:4)
  2 worker ants
  A howler monkey zombie (D:4)
  9 adders
  2 oozes
  2 worms
  A dart slug (D:1)
  A leopard gecko (D:6)
  13 orcs
  2 bats
  4 giant cockroaches
  6 hobgoblins
  4 jackals (D:6)
  5 kobolds
  6 quokkas
  A ball python skeleton (D:4)
  3 frilled lizards
  7 goblins
  A leopard gecko skeleton (D:4)
  5 rats
100 creatures vanquished.

Notes
Turn   | Place    | Note
-------+----------+-------------------------------------------
     0 | D:1      | Amciq the Troll Hunter began the quest for the Orb.
     0 | D:1      | Reached XP level 1. HP: 19/19 MP: 0/0
   102 | D:1      | Reached XP level 2. HP: 28/28 MP: 1/1
   816 | D:2      | Reached XP level 3. HP: 35/35 MP: 2/2
  1302 | D:3      | Reached skill level 1 in Armour
  1351 | D:3      | Reached skill level 4 in Throwing
  1351 | D:3      | Reached XP level 4. HP: 32/42 MP: 3/3
  1960 | D:3      | Reached XP level 5. HP: 45/50 MP: 4/4
  2319 | D:4      | Found a shattered altar of Ashenzari.
  2386 | D:4      | Noticed Edmund
  2418 | D:4      | Gained mutation: You occasionally shout uncontrollably at your foes. [potion of mutation]
  2418 | D:4      | Gained mutation: You have a pair of small horns on your head. [potion of mutation]
  2418 | D:4      | Lost mutation: You have a pair of small horns on your head. [potion of mutation]
  2418 | D:4      | Gained mutation: You have a pair of small horns on your head. [potion of mutation]
  2435 | D:4      | Killed Edmund
  2435 | D:4      | Reached skill level 1 in Maces & Flails
  2435 | D:4      | Reached XP level 6. HP: 33/61 MP: 5/5
  2484 | D:4      | Found an iron altar of Okawaru.
  2616 | D:4      | Noticed Grinder
  2634 | D:4      | Killed Grinder
  2634 | D:4      | Reached XP level 7. HP: 30/67 MP: 6/6
  2901 | D:4      | Noticed AlphabetPasta's ghost (amateur MfWn)
  2916 | D:4      | Killed AlphabetPasta's ghost
  2916 | D:4      | Reached skill level 5 in Throwing
  2965 | D:4      | Became a worshipper of Ashenzari the Shackled
  3680 | D:5      | Entered Level 5 of the Dungeon
  3701 | D:5      | Found a staircase to the Ecumenical Temple.
  3787 | D:5      | Noticed Duvessa
  3787 | D:5      | Noticed Dowan
  3809 | D:5      | Killed Duvessa
  3820 | D:5      | Killed Dowan
  3820 | D:5      | Reached XP level 8. HP: 78/78 MP: 7/7
  4133 | D:5      | Found an ancient bone altar of Kikubaaqudgha.
  4786 | D:6      | Found Fyirchino's Magic Scroll Boutique.
  4792 | D:6      | Bought a scroll of remove curse for 33 gold pieces
  4792 | D:6      | Bought a scroll of identify for 22 gold pieces
  4792 | D:6      | Bought a scroll of remove curse for 33 gold pieces
  4792 | D:6      | Bought a scroll of identify for 22 gold pieces
  4927 | D:6      | Found Beyhula's Antique Weapon Shoppe.
  5257 | D:7      | Reached * piety under Ashenzari
  5261 | D:7      | Found a white marble altar of Elyvilon.
  5349 | D:7      | Reached skill level 6 in Throwing
  5464 | D:7      | Gained mutation: You sometimes yell uncontrollably at your foes. [mutagenic meat]
  5465 | D:7      | Lost mutation: You have a pair of small horns on your head. [mutagenic meat]
  5479 | D:7      | Found a blossoming altar of Fedhas.
  5482 | D:7      | Found a shadowy altar of Dithmenos.
  5519 | D:7      | Noticed a hornet
  5520 | D:7      | Paralysed by a hornet for 3 turns
  5530 | D:7      | HP: 3/79 [black bear (7)]
  5531 | D:7      | Shot with an arrow by a centaur

Vault maps used:
D:1:      dpeg_arrival_erosion, minmay_split_cup_large
D:4:      okawaru_ov_weapons_minmay, nicolae_ashenzari_panopticon, uniq_grinder,
          uniq_crazy_yiuf_cottage, uniq_edmund
D:5:      kiku_gazebo_pond_becter, temple_pool_b, first_bread,
          corexii_leaking_fountain, kennysheep_generic_room_7, uniq_duvessa
D:6:      kennysheep_six_static_rooms, serial_shops, shop_scrolls, shop
D:7:      lemuel_doored_altar, minitemple, elyvilon_altar_5, lemuel_tele_altar,
          uniq_pikel

Skill      XL: |  1  2  3  4  5  6  7  8 |
---------------+-------------------------+-----
Fighting       | 2 3 4 |  4.6
Dodging        | 2 3 4 |  4.5
Armour         | 1 2 3 4 |  4.1
Throwing       | 4 5 6 |  6.1
Maces & Flails | 1 2 3 |  3.9
Stealth        | |  0.3

Action                   |  1- 3 |  4- 6 |  7- 9 || total
-------------------------+-------+-------+-------++-------
Melee: Short sword       |   109 |    42 |       ||   151
       Unarmed           |       |    66 |       ||    66
       Flail             |       |    22 |   190 ||   212
       Headbutt          |       |     6 |    29 ||    35
Throw: Large rock        |       |       |     3 ||     3
  Use: Scroll            |       |     2 |     4 ||     6
       Potion            |       |     4 |     2 ||     6
 Stab: Invisible         |       |     3 |       ||     3
       Sleeping          |       |       |     2 ||     2
  Eat: Chunk             |    17 |    13 |    29 ||    59
Armor: Robe              |    38 |    18 |    83 ||   139
       Skin              |       |       |    33 ||    33
Dodge: Dodged            |    56 |    54 |   149 ||   259
